 Dungeon Crawl Stone Soup version 0.31-a0-978-g1e143483b6 (webtiles) character file.

Game seed: 11182654934238805679

69299 stonewall the Warrior (level 15, -2/163 HPs)
             Began as a Tengu Gladiator on Oct 30, 2023.
             Was an Elder of Trog.
             Slain by an orc knight
             ... wielding a +0 great mace
              (32 damage)
             ... on level 2 of the Orcish Mines.
             The game lasted 00:36:54 (16472 turns).

stonewall the Warrior (Tengu Gladiator)            Turns: 16472, Time: 00:36:55

Health: -2/163     AC: 28    Str: 24    XL:     15   Next: 29%
Magic:  16/16      EV:  7    Int:  9    God:    Trog [****..]
Gold:   1372       SH: 14    Dex: 16    Spells: 14/14 levels left

rFire   . . .        b - +4 scimitar (flame)
rCold   . . .        X - +0 tower shield
rNeg    . . .        W - +0 crystal plate armour
rPois   .            c - +1 hat
rElec   .            D - +2 cloak
rCorr   .            n - +2 pair of gloves {Str+3}
SInv    .            (boots unavailable)
Will    ++...        (no amulet) Stlth
                     e - ring of willpower
HPRegen 0.47/turn    (no ring)
MPRegen 0.15/turn

%: acrobat
@: mighty, berserking (expiring), flying, very quick
A: beak, talons 3, evasive flight, acrobatic
a: Renounce Religion, Berserk, Trog's Hand, Brothers in Arms


You were on level 2 of the Orcish Mines.
You worshipped Trog.
Trog was greatly pleased with you.
You visited 4 branches of the dungeon, and saw 19 of its levels.

You collected 2225 gold pieces.
You spent 853 gold pieces at shops.

Inventory:

Hand Weapons
 a - the +9 double sword of Defiance {spect, *Slow rElec rC- MP+9}
   (You acquired it on level 1 of the Dungeon)

   rC-:       It makes you vulnerable to cold.
   rElec:     It insulates you from electricity.
   MP+9:      It affects your magic capacity (+9).
   *Slow:     It may slow you when you take damage.
 b - a +4 scimitar of flaming (weapon)
 j - a +0 rapier of distortion
 J - a +1 rapier of distortion {...}
Missiles
 d - 8 throwing nets
 g - 41 poisoned darts
 L - 3 javelins (quivered)
 U - a curare-tipped dart
Armour
 c - a +1 hat (worn)
 n - a +2 pair of gloves of strength (worn)
 o - the +7 chain mail of Awobb {rElec rC+ Will- Dex+3}
   (You bought it in a shop on level 1 of the Dungeon)

   Dex+3:     It affects your dexterity (+3).
   rC+:       It protects you from cold.
   rElec:     It insulates you from electricity.
   Will-:     It decreases your willpower.
 D - a +2 cloak (worn)
 W - a +0 crystal plate armour (worn)
 X - a +0 tower shield (worn)
Jewellery
 e - a ring of willpower (left hand)
 m - a ring of ice
 M - an amulet of faith
Talismans
 V - the dragon-blood talisman of Yczex {rC- rN+ Int+3 Slay+3, what can i do with that}
   (You found it on level 7 of the Dungeon)

   [dragon-blood talisman]

   Int+3:     It affects your intelligence (+3).
   Slay+3:    It affects your accuracy & damage with ranged weapons and melee
   (+3).
   rC-:       It makes you vulnerable to cold.
   rN+:       It protects you from negative energy.
Wands
 x - a wand of charming (11)
 y - a wand of polymorph (10)
 B - a wand of mindburst (13)
 F - a wand of flame (15)
 P - a wand of digging (10)
 R - a wand of acid (4)
Scrolls
 h - 4 scrolls of immolation
 k - 8 scrolls of revelation
 p - 10 scrolls of teleportation
 r - 6 scrolls of enchant weapon
 w - 3 scrolls of blinking
 z - 3 scrolls of poison
 K - a scroll of silence
 O - 6 scrolls of identify
 Q - 3 scrolls of fear
 Z - a scroll of enchant armour
Potions
 f - 3 potions of lignification
 l - 9 potions of curing
 q - 3 potions of brilliance
 t - 6 potions of attraction
 u - 2 potions of berserk rage
 v - 2 potions of mutation
 A - a potion of magic
 E - 3 potions of ambrosia
 H - 2 potions of haste
 Y - 2 potions of resistance


   Skills:
 * Level 18.6 Fighting
 + Level 15.7 Long Blades
 + Level 7.2 Throwing
 - Level 10.1 Armour
 - Level 3.2 Dodging
 + Level 5.7 Shields


You had 14 spell levels left.
You didn't know any spells.
Your spell library contained the following spells:

 Spells                   Type           Power      Damage    Failure   Level
 Scorch                   Fire           0%         2d5       100%        2
 Ozocubu's Armour         Ice            0%         N/A       100%        3
 Flame Wave               Conj/Fire      0%         2d4       100%        4
 Summon Cactus Giant      Summ           0%         N/A       100%        6
 Ozocubu's Refrigeration  Ice            0%         4d7       100%        7


Dungeon Overview and Level Annotations

Branches:
Dungeon (11/15)            Temple (1/1) D:6            Lair (5/5) D:11
 Shoals (0/4) Lair:2        Snake (0/4) Lair:2        Slime (0/5) Lair:4
    Orc (2/2) D:9             Elf (0/3) Orc:2

Altars:
Ashenzari
Cheibriados
Dithmenos
Elyvilon
Fedhas
Gozag
Hepliaklqana
Kikubaaqudgha
Makhleb
Nemelex Xobeh
Okawaru
Qazlal
Ru
Sif Muna
Trog
Uskayaw
Vehumet
Wu Jian
Xom
Yredelemnul
Zin
The Shining One
Lugonu

Shops:
D:1 *   D:8 (   Orc:1 [*   Orc:2 [*:

Portals:
Abyss: Lair:5

Annotations:
D:7 1 runed translucent door
Lair:4 exclusion: downstairs
Lair:5 HOME SWEET HOME


Innate Abilities, Weirdness & Mutations

You have a beak for a mouth.
You have claws for feet.
Your magical flight helps you evade attacks. (EV +4)
You can magically evade attacks while moving or waiting.


Message History

* * * LOW HITPOINT WARNING * * *
The orc warlord hits you with a +0 long sword of holy wrath!
* * * LOW HITPOINT WARNING * * *
You hit the orc warlord. You burn the orc warlord.
Your kick misses the orc warlord.
The orc warlord is heavily wounded.
Unknown command.
You slash the orc warlord! You burn the orc warlord.
The orc warlord blocks your attack.
You peck the orc warlord!
The orc warlord is heavily wounded.
You block the orc knight's attack.
An orc warrior comes into view. It is wielding a +0 mace.
The orc warrior hits you from afar with a +0 glaive.
* * * LOW HITPOINT WARNING * * *
The orc warlord hits you with a +0 long sword of holy wrath.
* * * LOW HITPOINT WARNING * * *
You slash the orc warlord! You burn the orc warlord.
The orc warlord is severely wounded.
Unknown command.
You slice the orc warlord!! You burn the orc warlord!
You claw the orc warlord, but do no damage.
You peck the orc warlord, but do no damage.
The orc warlord is almost dead.
The orc knight hits you but does no damage.
The orc warrior hits you from afar with a +0 glaive.
* * * LOW HITPOINT WARNING * * *
The orc warlord hits you with a +0 long sword of holy wrath!!
* * * LOW HITPOINT WARNING * * *
You slash the orc warlord! You burn the orc warlord.
You kill the orc warlord!
Trog accepts your kill. The orc knight barely misses you.
You block the orc warrior's attack.
Unknown command.
You barely miss the orc knight. You claw the orc knight.
The orc knight is lightly wounded.
Unknown command.
You slash the orc knight! You burn the orc knight. You claw the orc knight!
The orc knight is heavily wounded.
The orc knight hits you with a +0 great mace!!
You die...

#........ #........ ##
#......# ##.####......
##....#......###
#.....PP.......### #
#..........P....(##
####..P...8.....o)oo.#
.#.#............@##..#
...............P##
...# ......P...∩...P.#
#.#P.
...............P# .h


.oP ................# ... o. ........P.......# ..o o ......P........... ....
..........P.P...... ..............##... You could see an orc knight (strong) and
2 orc warriors.

Vanquished Creatures
  An orc warlord (Orc:2)
  A dire elephant (Lair:4)
  2 hydras
  2 boulder beetles
  A centaur warrior (D:11)
  Erica (D:8)
  13 death yaks
  3 large abominations (Lair:5)
  An orc high priest (Orc:2)
  2 thrashing horrors (Lair:5)
  Urug (D:11)
  3 skysharks
  Pikel (D:6)
  9 orc sorcerers
  An ugly thing (D:11)
  A cyclops (D:11)
  A manticore (Lair:2)
  Maurice (D:11)
  25 elephants
  5 black mambas
  4 smoke demons (Lair:5)
  A gargoyle (D:11)
  Maggie (D:6)
  A rime drake (Lair:5)
  11 cane toads
  5 komodo dragons
  2 polar bears
  6 trolls
  A wind drake (Lair:2)
  A raiju (Lair:5)
  19 blink frogs
  A shadow (D:6)
  Sigmund (D:2)
  A wyvern (Lair:1)
  2 wraiths
  2 spriggans
  A ynoxinul (Lair:5)
  31 yaks
  7 small abominations (Lair:5)
  9 basilisks
  2 chaos spawn (Lair:5)
  3 vampire mosquitoes (D:10)
  4 wargs
  An acid dragon (D:11)
  A naga (Lair:2)
  14 water moccasins
  Duvessa (D:6)
  16 orc warriors
  3 sky beasts
  3 ice beasts
  6 black bears
  4 centaurs
  4 ogres
  32 wolves
  3 phantoms
  A lemure (D:6)
  5 kobold brigands
  10 bullfrogs
  2 gnoll sergeants (D:9)
  13 scorpions
  Dowan (D:6)
  23 killer bees
  A howler monkey (D:5)
  4 hounds
  Crazy Yiuf (D:4)
  10 jellies
  A gnoll bouda (D:5)
  4 orc priests
  Ijyb (D:3)
  3 sleepcaps
  Natasha (D:4)
  3 iguanas
  4 orc wizards
  6 hell rats (Lair:2)
  Robin (D:3)
  15 gnolls
  10 adders
  A river rat (Lair:3)
  A shadow imp (D:6)
  3 white imps
  4 ufetubi
  3 worms
  2 dart slugs
  48 orcs
  7 ball pythons
  5 bats
  10 endoplasms
  3 giant cockroaches
  17 goblins
  12 hobgoblins
  5 quokkas
  4 frilled lizards
  27 kobolds
  4 rats
  A spectral weapon (Lair:4)
556 creatures vanquished.

Vanquished Creatures (collateral kills)
  A death yak (Lair:4)
  A thrashing horror (Lair:5)
  2 orc knights (Orc:2)
  An ugly thing (Lair:5)
  A raiju (Lair:5)
  A spriggan (Lair:5)
  A yak (Lair:4)
  A basilisk (Lair:5)
  4 small abominations (Lair:5)
  2 orc warriors (Orc:2)
  A wolf (Lair:5)
  2 orcs (Orc:2)
18 creatures vanquished.

Vanquished Creatures (others)
  An orc (Orc:2)
  A spectral weapon (D:8)
2 creatures vanquished.

Grand Total: 576 creatures vanquished

Notes
Turn   | Place    | Note
-------+----------+-------------------------------------------
     0 | D:1      | stonewall the Tengu Gladiator began the quest for the Orb.
     0 | D:1      | Reached XP level 1. HP: 12/12 MP: 2/2
   279 | D:1      | Reached XP level 2. HP: 16/18 MP: 3/3
   578 | D:1      | Found Dysiahuc's Assorted Antiques.
   719 | D:1      | Reached XP level 3. HP: 14/22 MP: 4/4
  1008 | D:1      | Identified 3 scrolls of acquirement
  1008 | D:1      | Acquired a +2 pair of gloves of strength
  1015 | D:1      | Acquired 574 gold pieces
  1016 | D:1      | Acquired the +9 double sword of Defiance {spect, *Slow
                  | rElec rC- MP+9}
  1064 | D:1      | Bought a faintly glowing chain mail for 228 gold pieces
  1064 | D:1      | Identified the +7 chain mail of Awobb {rElec rC+ Will-
                  | Dex+3} (You bought it in a shop on level 1 of the Dungeon)
  1340 | D:2      | Reached skill level 3 in Fighting
  1424 | D:2      | Noticed Sigmund
  1425 | D:2      | Reached XP level 4. HP: 28/28 MP: 5/5
  1429 | D:2      | Killed Sigmund
  1430 | D:2      | Reached skill level 4 in Fighting
  1430 | D:2      | Reached skill level 5 in Long Blades
  1430 | D:2      | Reached XP level 5. HP: 34/34 MP: 6/6
  1430 | D:2      | Reached XP level 6. HP: 39/39 MP: 7/7
  1937 | D:3      | Noticed Robin
  1946 | D:3      | Killed Robin
  2399 | D:3      | Noticed Ijyb
  2409 | D:3      | Killed Ijyb
  2410 | D:3      | Reached skill level 5 in Fighting
  2640 | D:4      | Gained mutation: Your magical flight helps you evade
                  | attacks. (EV +4) [Tengu growth]
  2640 | D:4      | Reached XP level 7. HP: 40/44 MP: 8/8
  3302 | D:4      | Found a runed translucent door.
  3303 | D:4      | Noticed Crazy Yiuf
  3303 | D:4      | Noticed Natasha
  3483 | D:4      | Killed Crazy Yiuf
  3485 | D:4      | Killed Natasha
  3562 | D:5      | Entered Level 5 of the Dungeon
  3689 | D:5      | Reached skill level 6 in Fighting
  3786 | D:5      | Reached XP level 8. HP: 52/52 MP: 9/9
  4298 | D:6      | Found an opulent altar of Gozag.
  4306 | D:6      | Reached skill level 7 in Fighting
  4434 | D:6      | Reached skill level 8 in Fighting
  4470 | D:6      | Reached XP level 9. HP: 60/60 MP: 10/10
  4513 | D:6      | Noticed Maggie
  4518 | D:6      | Killed Maggie
  4519 | D:6      | Reached skill level 9 in Fighting
  4711 | D:6      | Noticed Pikel
  4722 | D:6      | Killed Pikel
  4723 | D:6      | Reached skill level 10 in Fighting
  4782 | D:6      | Found a staircase to the Ecumenical Temple.
  4827 | D:6      | Reached skill level 10 in Long Blades
  5143 | D:6      | Noticed Dowan
  5143 | D:6      | Noticed Duvessa
  5147 | D:6      | Killed Duvessa
  5153 | D:6      | Killed Dowan
  5154 | D:6      | Reached XP level 10. HP: 61/68 MP: 11/11
  5596 | Temple   | Entered the Ecumenical Temple
  5629 | Temple   | Became a worshipper of Trog the Wrathful
  5737 | D:7      | Reached skill level 11 in Fighting
  5768 | D:7      | Identified the dragon-blood talisman of Yczex {rC- rN+
                  | Int+3 Slay+3}
  5841 | D:7      | Found a runed translucent door.
  5874 | D:7      | Found a runed translucent door.
  5880 | D:7      | Reached * piety under Trog
  5993 | D:7      | Reached skill level 12 in Fighting
  6247 | D:7      | Found a broken altar of Ashenzari.
  6279 | D:8      | Found Eschez's Weapon Emporium.
  6310 | D:8      | Noticed Erica
  6322 | D:8      | Killed Erica
  6323 | D:8      | Reached skill level 1 in Armour
  6399 | D:8      | Found a hide-covered altar of Uskayaw.
  6399 | D:8      | Found a faded altar of an unknown god.
  6406 | D:8      | Found a sparkling altar of Nemelex Xobeh.
  6408 | D:8      | Found a stormy altar of Qazlal.
  6410 | D:8      | Found a sacrificial altar of Ru.
  6831 | D:8      | Found a glowing silver altar of Zin.
  6964 | D:9      | Found a snail-covered altar of Cheibriados.
  6967 | D:9      | Reached XP level 11. HP: 76/76 MP: 12/12
  7014 | D:9      | Reached ** piety under Trog
  7104 | D:9      | Reached skill level 1 in Shields
  7159 | D:9      | Found an iron altar of Okawaru.
  7212 | D:9      | Found a shimmering altar of Xom.
  7242 | D:9      | Reached skill level 13 in Fighting
  7426 | D:9      | Found a radiant altar of Vehumet.
  7736 | D:9      | Found a staircase to the Orcish Mines.
  7965 | D:10     | Entered Level 10 of the Dungeon
  8202 | D:10     | Reached *** piety under Trog
  8366 | D:10     | Noticed a boulder beetle
  8382 | D:10     | Killed a boulder beetle
  8446 | D:10     | Found a glowing golden altar of the Shining One.
  8640 | D:11     | Identified the of Vesimuorgh
  8640 | D:11     | Noticed Maurice
  8648 | D:11     | Killed Maurice
  8649 | D:11     | Reached skill level 5 in Armour
  8789 | D:11     | Noticed Urug
  8795 | D:11     | Killed Urug
  8937 | D:11     | Noticed a centaur warrior
  8948 | D:11     | Killed a centaur warrior
  8949 | D:11     | Reached XP level 12. HP: 84/84 MP: 13/13
  8958 | D:11     | Reached skill level 14 in Fighting
  9086 | D:11     | Found the +10 morningstar "Eos" {elec, Halo rElec}
  9183 | D:11     | Found a staircase to the Lair.
  9830 | Lair:1   | Entered Level 1 of the Lair of Beasts
 10755 | Lair:2   | Found a staircase to the Snake Pit.
 10762 | Lair:2   | Reached skill level 5 in Shields
 10836 | Lair:2   | Reached **** piety under Trog
 10837 | Lair:2   | Reached skill level 5 in Throwing
 10860 | Lair:2   | Found a staircase to the Shoals.
 11011 | Lair:2   | Reached skill level 15 in Fighting
 11049 | Lair:2   | Noticed a six-headed hydra
 11068 | Lair:2   | Killed a two-headed hydra
 11160 | Lair:2   | Reached XP level 13. HP: 78/92 MP: 14/14
 11769 | Lair:3   | You are sucked into a shaft and drop 1 floor!
 11777 | Lair:4   | Found a staircase to the Slime Pits.
 12157 | Lair:4   | Reached skill level 16 in Fighting
 12456 | Lair:4   | Reached ***** piety under Trog
 12459 | Lair:4   | Noticed a dire elephant
 12480 | Lair:4   | Killed a dire elephant
 12785 | Lair:4   | Identified the +2 spear "Tagewedo" {spect, Str+2 SInv}
 12836 | Lair:4   | Reached XP level 14. HP: 100/100 MP: 15/15
 13178 | Lair:5   | Entered Level 5 of the Lair of Beasts
 13220 | Lair:4   | Reached skill level 17 in Fighting
 13386 | Lair:5   | Reached skill level 10 in Armour
 13851 | Lair:5   | Reached skill level 15 in Long Blades
 14550 | Lair:5   | Reached skill level 18 in Fighting
 14564 | Lair:5   | Identified the +7 quarterstaff of Annihilation {venom, rC+
                  | Str+3 Dex+2}
 14681 | Lair:5   | Received a gift from Trog
 14822 | Lair:5   | Found a corrupted altar of Lugonu.
 14822 | Lair:5   | Found a one-way gate to the infinite horrors of the Abyss.
 14828 | Lair:5   | Reached XP level 15. HP: 108/108 MP: 16/16
 15286 | Orc:1    | Entered Level 1 of the Orcish Mines
 15289 | Orc:1    | Paralysed by an orc sorcerer for 5 turns
 15313 | Orc:1    | Found Yxkaosemyll's Armour Boutique.
 15491 | Orc:1    | Found Zocropp's Assorted Antiques.
 15654 | Orc:2    | Entered Level 2 of the Orcish Mines
 15697 | Orc:2    | Found a staircase to the Elven Halls.
 15791 | Orc:2    | Found Cerizxe's General Store.
 15805 | Orc:2    | Bought a ring of willpower for 400 gold pieces
 15924 | Orc:2    | Found Qozauj's Antique Armour Shop.
 16301 | Orc:2    | Bought a glowing chain mail for 225 gold pieces
 16401 | Orc:2    | Found Doso's Book Emporium.
 16450 | Orc:2    | Noticed an orc warlord
 16470 | Orc:2    | Killed an orc warlord
 16472 | Orc:2    | Slain by an orc knight

Illustrated notes

Levels and vault maps discovered:
D:1:      co_arrival_square_in_a_square_in_a_square, layout_basic, serial_shops,
          nicolae_shop_hallway_plus
D:2:      layout_basic, minmay_tall_x, uniq_sigmund
D:3:      minmay_chambers_of_threes, layout_rooms, kennysheep_cross_room,
          hangedman_decor_riveting, uniq_robin, uniq_ijyb
D:4:      layout_basic, st_stairs_1, uniq_crazy_yiuf_cottage, uniq_natasha
D:5:      layout_cave_pods, minmay_fountain_box
D:6:      minmay_bubble_buster, layout_basic,
          mainiacjoe_overflow_concentric_impassable,
          minmay_temple_entry_stoned_glass, uniq_pikel, uniq_duvessa,
          uniq_maggie
D:7:      lemuel_insect_pit, layout_rooms, kennysheep_mini_moat
D:8:      layout_cave_pools, zin_academy, chequers_temple_overflow_minitemple,
          serial_shops, nicolae_shop_hallway_stairs, uniq_erica
D:9:      layout_roguey, mainiacjoe_overflow_cross_hatched,
          lemuel_crystal_altar, hellmonk_okawaru_the_only_friend_you_need,
          nicolae_vehumet_radiance, david_orc_1_choice
D:10:     layout_roguey, tso_altar, nzn_sisyphean_effort
D:11:     minmay_cornered_nines, layout_loops_ring, lair_entry_dummy, uniq_urug,
          uniq_maurice
Temple:   hellmonk_temple_beads
Lair:1:   layout_long_grid
Lair:2:   layout_big_grid, minmay_shoals_entry_beasts,
          guppyfry_snake_entry_garden, grunt_megastairs_2
Lair:3:   regret_index_bee_streams, layout_loops_ring, special_room
          [special_room_mythical_zoo], beast_lair_carwin_6, serial_bayou_shore_b
Lair:4:   mu_elephants_graveyard, layout_hall_layers,
          nicolae_slime_entry_field_trip
Lair:5:   hellmonk_lair_end_abyssal_woods, layout_long_grid,
          infiniplex_staircase_pool
Orc:1:    layout_caves, serial_shops, shop, shop
Orc:2:    grunt_orc_gardens, layout_caves, grunt_orc_garden, grunt_orc_garden,
          grunt_orc_garden, grunt_orc_garden

Skill      XL: |  1  2  3  4  5  6  7  8  9 10 11 12 13 14 15 |
---------------+----------------------------------------------+-----
Long Blades    | 4 5 6 7 8 10 11 12 13 14 15 | 15.7
Fighting       | 3 4 5 6 8 10 12 13 15 16 18 | 18.6
Armour         | 2 5 7 9 10 | 10.1
Shields        | 3 5 |  5.7
Throwing       | 3 5 6 7 |  7.2
Dodging        | |  3.2

Action                     |  1- 3 |  4- 6 |  7- 9 | 10-12 | 13-15 || total
---------------------------+-------+-------+-------+-------+-------++-------
  Melee: Long sword        |    42 |       |       |       |       ||    42
         Kick              |    12 |     9 |    37 |   128 |   226 ||   412
         Peck              |     5 |     9 |    20 |    70 |   135 ||   239
         Double sword      |    12 |    75 |   125 |   387 |   404 ||  1003
         Punch             |     1 |     2 |     2 |     1 |       ||     6
         Scimitar          |       |       |       |     4 |   126 ||   130
  Throw: Javelin           |       |       |       |       |    57 ||    57
         Throwing net      |       |       |       |       |     2 ||     2
 Invoke: Brothers in Arms  |       |       |       |       |     6 ||     6
         Trog's Hand       |       |       |       |       |     9 ||     9
         Berserk           |       |       |       |       |     4 ||     4
  Evoke: Wand              |       |       |       |     1 |     8 ||     9
    Use: Scroll            |     6 |     9 |     6 |     7 |     4 ||    32
         Potion            |       |       |       |       |     4 ||     4
   Stab: Distracted        |       |       |     2 |     5 |     6 ||    13
 Armour: Leather armour    |    13 |       |       |       |       ||    13
         Chain mail        |     4 |    60 |    53 |   215 |   223 ||   555
         Crystal plate arm |       |       |       |       |    80 ||    80
  Dodge: Dodged            |    42 |    44 |    73 |   260 |   300 ||   719
  Block: Buckler           |       |       |       |    71 |    95 ||   166
         Tower shield      |       |       |       |       |    89 ||    89

Table legend: (Time is in decaauts)
 A = Elapsed time spent in this place.
 B = Non-inter-level travel time spent in this place.
 C = Inter-level travel time spent in this place.
 D = Time resting spent in this place.
 E = Time spent auto-exploring this place.
 F = Levels seen in this place.
 G = Mean time per level.
                   A        B        C        D        E       F      G
               +--------+--------+--------+--------+--------+-----+--------+
         Total |  16443 |  15250 |   1193 |   1159 |  11243 |  19 |  865.4 |
       Dungeon |   9875 |   9018 |    857 |    287 |   7346 |  11 |  897.7 |
        Temple |     66 |      2 |     64 |      0 |      0 |   1 |   66.0 |
          Lair |   5320 |   5058 |    262 |    658 |   3213 |   5 | 1064.0 |
  Orcish Mines |   1181 |   1173 |      8 |    214 |    684 |   2 |  590.5 |
               +--------+--------+--------+--------+--------+-----+--------+

Top non-repeatable levels by time:
  Lair:5: 1754 daAuts
  Lair:4: 1559 daAuts
     D:6: 1333 daAuts
     D:1: 1143 daAuts
    D:11: 1132 daAuts
     D:4: 1082 daAuts
  Lair:2: 1076 daAuts
     D:9: 1070 daAuts
   Orc:2: 815 daAuts
     D:2: 780 daAuts
  Lair:1: 740 daAuts
     D:5: 727 daAuts
    D:10: 708 daAuts
     D:8: 702 daAuts
     D:7: 608 daAuts
